 Dungeon Crawl Stone Soup version 0.31-a0-692-gf03d1854d5 (webtiles) character file.

Game seed: 3194457101360711389

22 qw the Shooter (level 2, -8/17 HPs)
             Began as a Gargoyle Hunter on Sept 6, 2023.
             Mangled by a worm (10 damage)
             ... on level 1 of the Dungeon.
             The game lasted 00:00:17 (935 turns).

qw the Shooter (Gargoyle Hunter)                     Turns: 935, Time: 00:00:17

Health: -8/17      AC:  5    Str: 14    XL:     2   Next: 91%
Magic:  2/2        EV: 11    Int:  9    God:
Gold:   88         SH:  0    Dex: 13    Spells: 1/1 levels left

rFire   . . .        Y - +0 shortbow
rCold   . . .        (shield currently unavailable)
rNeg    + . .        c - +0 leather armour
rPois   inf          (no helmet)
rElec   +            (no cloak)
rCorr   .            (no gloves)
SInv    .            (no boots)
Will    .....        (no amulet)
Stlth   +            (no ring)
HPRegen 0.22/turn    (no ring)
MPRegen 0.08/turn

%: no passive effects
@: no status effects
A: sickness immunity, AC +2, negative energy resistance 1, electricity
resistance, torment resistance 1, petrification resistance
a: no special abilities


You were on level 1 of the Dungeon.
You visited 1 branch of the dungeon, and saw 2 of its levels.

You collected 88 gold pieces.


Innate Abilities, Weirdness & Mutations

You are immune to sickness and miasma.
Your stone body is resilient. (AC +2)
You are immune to poison.
You resist negative energy. (rN+)
You are resistant to electric shocks. (rElec)
You are resistant to unholy torment.
You are immune to petrification.


   Skills:
 - Level 2.1 Fighting
 + Level 4.8 Ranged Weapons
 - Level 1.5 Dodging
 - Level 1.1 Stealth


You had one spell level left.
You didn't know any spells.
Your spell library was empty.

Inventory:

Hand Weapons
 Y - a +0 shortbow (weapon)
Armour
 c - a +0 leather armour (worn)
Jewellery
 g - a ring of fire

Dungeon Overview and Level Annotations

Branches:
Dungeon (2/15)

Altars:


Message History

The kobold is heavily wounded.
The kobold hits you with a +0 short sword.
You shoot an arrow.
The arrow hits the kobold but does no damage.
The kobold is heavily wounded.
The kobold misses you.
You shoot an arrow. The arrow barely misses the kobold.
The kobold closely misses you.
You shoot an arrow. The arrow hits the kobold.
You kill the kobold!
You start resting.
HP restored.
Partly explored, can't reach some items and places.
What level of the Dungeon? (default 2, ? - help)
You climb downwards.
The worm completely misses you.
There is a stone staircase leading up here.
A worm is nearby!
You shoot an arrow. The arrow barely misses the worm.
You hear a shout!
929 ||| STAIRDANCE The kobold throws a stone.
The stone hits you but does no damage. The worm bites you!
You climb upwards.
There is a stone staircase leading down here.
You shoot an arrow. The arrow hits the worm.
The worm is lightly wounded.
The worm bites you.
You shoot an arrow. The arrow hits the worm!
The worm is moderately wounded.
The worm barely misses you.
You shoot an arrow. The arrow barely misses the worm.
You shoot an arrow.
The arrow hits the worm but does no damage.
The worm is moderately wounded.
The worm bites you.
You shoot an arrow. The arrow hits the worm.
The worm is heavily wounded.
The worm bites you!
Ouch! That really hurt!
You die...

#.#
#.##.....#...#.#.##.#...
#.#
#.##..}..#...#.#.##.###.
#.#
#.##.....#..##.#.##.....
#.#
#.##..8..'.......######.
#.# #.##.....#####.###
#. #.# #.#####'## #.# #.
#.#######'####...#####.#
#.
#......##...##..(##....#
##
#########.<.''w@.#######
#...##...# ######...#
######...# ## #.##....##
.# #.##.#### #####
.##### #.##.# #....
.#...#####.##.# #.###
.#...>........# #.#


You could see a worm.

Vanquished Creatures
  A ball python (D:1)
  2 endoplasms (D:1)
  2 giant cockroaches (D:1)
  A goblin (D:1)
  2 hobgoblins (D:1)
  3 jackals (D:1)
  3 kobolds (D:1)
  2 bats (D:1)
  3 rats (D:1)
19 creatures vanquished.

Notes
Turn   | Place    | Note
-------+----------+-------------------------------------------
     0 | D:1      | qw the Gargoyle Hunter began the quest for the Orb.
     0 | D:1      | Reached XP level 1. HP: 12/12 MP: 1/1
     0 | D:1      | 0 ||| qw: Version: 0.3-a-76-g4403597
     0 | D:1      | 0 ||| qw: Game counter: 275
     0 | D:1      | 0 ||| qw: Melee chars always use a shield: true
     0 | D:1      | 0 ||| qw: God list: Okawaru
     0 | D:1      | 0 ||| qw: Allow faded altars: false
     0 | D:1      | 0 ||| qw: Do Orc after clearing Dungeon:15 true
     0 | D:1      | 0 ||| qw: Do second Lair branch before Depths: true
     0 | D:1      | 0 ||| qw: Lair rune preference: random
     0 | D:1      | 0 ||| qw: Goals: Normal
     0 | D:1      | 0 ||| PLANNING D:1-11
   302 | D:1      | Reached XP level 2. HP: 17/17 MP: 2/2
   880 | D:1      | 880 ||| READING scroll labelled YROLIA ZOZXEJA.
   881 | D:1      | 881 ||| READING scroll labelled PEOWOF ERHAL.
   882 | D:1      | 882 ||| READING scroll labelled QAUTOA HUNNYM.
   885 | D:1      | 885 ||| READING scroll labelled IMEAPN EXZOCHA.
   895 | D:1      | 895 ||| DROPPING scroll of butterflies.
   914 | D:2      | 914 ||| STAIRDANCE
   929 | D:2      | 929 ||| STAIRDANCE
   934 | D:1      | HP: 2/17 [worm (5)]
   935 | D:1      | Mangled by a worm

Levels and vault maps discovered:
D:1:      dpeg_arrival_simpleton_b, layout_loops_corners,
          minmay_gold_behind_fungi, serial_bayou_lagoon_b
D:2:      layout_rooms, dilly_ecumenical_altar_fadedgnrine, serial_shops,
          nicolae_shop_rolling_square, nicolae_shop_dealshenge,
          nicolae_shop_hallway_stairs, nicolae_shop_industrial_runoff, shop,
          st_stairs_10, minmay_rat_hole, uniq_robin, uniq_terence

Action                     || total
---------------------------++-------
   Fire: Shortbow          ||    68
    Use: Scroll            ||     4
 Armour: Leather armour    ||    20
  Dodge: Dodged            ||    20

Table legend:
 A = Non-vault XP
 B = Vault XP
 C = Vault XP percentage of total XP
 D = Non-vault monster count
 E = Vault monster count
 F = Vault count percentage of total count
                 A         B        C        D         E       F
            +---------+---------+-------+---------+---------+-------
      Total |      32 |       0 |   0.0 |      19 |       0 |   0.0
            +---------+---------+-------+---------+---------+-------
        D:1 |      32 |       0 |   0.0 |      19 |       0 |   0.0
            +---------+---------+-------+---------+---------+-------
